 Dungeon Crawl Stone Soup version 0.21.1-1-g345015f (webtiles) character file.

204 wojtek the Chopper (level 5, -5/46 HPs)
             Began as a Minotaur Fighter on July 7, 2018.
             Slain by an orc warrior
             ... wielding a +0 glaive
              (21 damage)
             ... on level 4 of the Dungeon.
             The game lasted 00:03:01 (2345 turns).

wojtek the Chopper (Minotaur Fighter)               Turns: 2345, Time: 00:03:02

Health: -5/46      AC:  7    Str: 21    XL:     5   Next: 52%
Magic:  4/4        EV:  7    Int:  5    God:
Gold:   57         SH:  9    Dex: 10    Spells: 4/4 levels left

rFire    . . .     SeeInvis .   a - +0 war axe
rCold    . . .     Gourm    .   c - +0 shield
rNeg     . . .     Faith    .   b - +0 scale mail
rPois    .         Spirit   .   (helmet restricted)
rElec    .         Reflect  .   (no cloak)
rCorr    .         Harm     .   (no gloves)
MR       .....                  (no boots)
Stlth    ..........             (no amulet)
HPRegen  0.15/turn              (no ring)
MPRegen  0.09/turn              (no ring)

@: no status effects
A: retaliatory headbutt, horns 2
a: no special abilities


You were on level 4 of the Dungeon.
You were not hungry.

You visited 1 branch of the dungeon, and saw 4 of its levels.

You collected 57 gold pieces.

Inventory:

Hand Weapons
 a - a +0 war axe (weapon)
Armour
 b - a +0 scale mail (worn)
 c - a +0 shield (worn)
 n - a +0 plate armour
 r - a +0 large shield
Jewellery
 p - an uncursed amulet of guardian spirit {unknown}
Scrolls
 e - a scroll of magic mapping {unknown}
 g - a scroll of amnesia {unknown}
 j - 3 scrolls of noise {unknown}
 k - a scroll of teleportation {unknown}
 l - 2 scrolls of remove curse {unknown}
 m - 2 scrolls of fog {unknown}
 s - a scroll of identify {unknown}
Potions
 d - a potion of might
 h - 2 potions of curing {unknown}
 i - a potion of mutation {unknown}
 q - a potion of magic {unknown}
 t - a potion of heal wounds {unknown}
Comestibles
 f - 4 rations
 o - 4 chunks of flesh


   Skills:
 + Level 3.7 Fighting
 + Level 6.7 Axes
 + Level 3.7 Armour
 + Level 0.4 Dodging
 + Level 3.7 Shields


You had 4 spell levels left.
You didn't know any spells.

Dungeon Overview and Level Annotations

Branches:
Dungeon (4/15)
 Temple: D:4-7

Altars:

Annotations:
D:2 Sigmund


Innate Abilities, Weirdness & Mutations

You reflexively headbutt those who attack you in melee.
You have a pair of horns on your head.


Message History

An orc warrior comes into view. It is wielding a glaive.
The orc warrior shouts!
You slash the orc priest!
The orc priest is severely wounded.
You block the orc priest's attack. You block the orc warrior's attack.
The orc priest hits you but does no damage.
You slash the orc priest!
You kill the orc priest!
The orc warrior completely misses you.
An orc wizard comes into view. It is wielding a dagger.
The orc wizard shouts!
An orc priest comes into view. It is wielding a flail.
Things that are here:
a short sword; an orc corpse The orc warrior hits you from afar with a glaive!
There is a stone staircase leading up here.
The orc priest calls down the wrath of Beogh upon you.
Beogh smites you!
The orc warrior hits you from afar with a glaive!!
You die...

#########.#
#.)oo.@...#
#o####....#
#. #....#
#. ####.#
o. .# ## #


You could see an orc warrior, an orc priest and an orc wizard.

Vanquished Creatures
  An orc priest (D:4)
  Terence (D:2)
  Natasha (thrice) (D:3)
  2 adders (D:2)
  2 worms
  A dart slug (D:1)
  A leopard gecko (D:2)
  4 orcs (D:3)
  A giant cockroach (D:2)
  4 goblins
  3 hobgoblins
  4 jackals (D:3)
  2 quokkas
  A ball python (D:1)
  6 bats
  A frilled lizard (D:1)
  2 kobolds (D:1)
  10 rats
49 creatures vanquished.

Notes
Turn   | Place    | Note
-------+----------+-------------------------------------------
     0 | D:1      | wojtek the Minotaur Fighter began the quest for the Orb.
     0 | D:1      | Reached XP level 1. HP: 19/19 MP: 0/0
    64 | D:1      | Reached skill level 3 in Axes
   107 | D:1      | Reached XP level 2. HP: 26/26 MP: 1/1
   362 | D:1      | You fall through a shaft!
   363 | D:2      | Noticed Sigmund
   614 | D:2      | Reached skill level 4 in Axes
   658 | D:2      | Reached XP level 3. HP: 9/31 MP: 2/2
  1311 | D:2      | Noticed Terence
  1317 | D:2      | Killed Terence
  1317 | D:2      | Reached skill level 5 in Axes
  1317 | D:2      | Reached XP level 4. HP: 38/39 MP: 3/3
  1575 | D:3      | Noticed Natasha
  1582 | D:3      | Killed Natasha
  1582 | D:3      | Reached skill level 6 in Axes
  1921 | D:3      | Noticed Natasha
  1930 | D:3      | Killed Natasha
  1930 | D:3      | Reached XP level 5. HP: 33/45 MP: 4/4
  2044 | D:3      | Noticed Natasha
  2050 | D:3      | Killed Natasha
  2338 | D:4      | Noticed an orc warrior
  2345 | D:4      | Slain by an orc warrior

Skill      XL: |  1  2  3  4 |
---------------+-------------+-----
Axes           | 3 4 5 6 |  6.7
Fighting       | |  3.7
Armour         | |  3.7
Dodging        | |  0.4
Shields        | |  3.7

Action                   |  1- 3 |  4- 6 || total
-------------------------+-------+-------++-------
Melee: War axe           |    70 |    45 ||   115
       Headbutt          |     7 |     3 ||    10
  Eat: Chunk             |     1 |     4 ||     5
Armor: Scale mail        |    22 |    20 ||    42
Dodge: Dodged            |    24 |     5 ||    29
Block: Shield            |    38 |    20 ||    58
